 Dungeon Crawl Stone Soup version 0.31-a0-1612-g4aaf141 (webtiles) character file.

Game seed: 13701235280520034353

2221 PidgeyThePirate the Slicer (level 9, -1/106 HPs)
             Began as a Demonspawn Chaos Knight on Jan 9, 2024.
             Was a Plaything of Xom.
             Slain by a gnoll sergeant
             ... wielding a +2 trident of venom
              (4 damage)
             ... on level 7 of the Dungeon.
             The game lasted 00:17:19 (6517 turns).

PidgeyThePirate the Slicer (DsCK)                   Turns: 6517, Time: 00:17:21

Health: -1/106     AC: 24    Str: 14    XL:     9   Next: 13%
Magic:  9/9        EV:  2    Int: 14    God:    Xom [.....*]
Gold:   273        SH:  0    Dex: 14    Spells: 8/8 levels left

rFire   + . .        a - +1 short sword (chaos)
rCold   . . .        (no shield)
rNeg    . . .        b - melded +2 leather armour
rPois   +            (helmet unavailable)
rElec   .            (cloak currently unavailable)
rCorr   .            o - melded +0 pair of gloves
SInv    .            (boots currently unavailable)
Will    .....        (no amulet)
Stlth   +            l - ring of poison resistance
HPRegen 0.37/turn    u - ring of protection from fire
MPRegen 0.11/turn

%: no passive effects
@: lethally poisoned (-1 -> -5), tree-form
A: stationary, stasis, torment immunity, boosted hp, (antennae 3), rugged brown
scales 1, ignite blood 1, (spiny 1), (heat vulnerability 1)
a: Renounce Religion


You were on level 7 of the Dungeon.
You worshipped Xom.
You were Xom's teddy bear.
You were a tree.
You visited 1 branch of the dungeon, and saw 7 of its levels.
You also visited: Bailey.

You collected 273 gold pieces.

Inventory:

Hand Weapons
 a - a +1 short sword of chaos (weapon)
Armour
 b - a +2 leather armour (melded)
 o - a +0 pair of gloves (melded)
Jewellery
 c - an amulet of magic regeneration
 l - a ring of poison resistance (left branch)
 u - a ring of protection from fire (right branch)
 w - a ring of fire
Talismans
 f - a dragon-blood talisman
Wands
 h - a wand of mindburst (31)
 m - a wand of flame (25)
 q - a wand of acid (3)
Scrolls
 g - a scroll of enchant weapon
 j - 7 scrolls of identify
 n - 2 scrolls of amnesia
 p - 2 scrolls of vulnerability
Potions
 e - a potion of lignification


   Skills:
 + Level 5.9 Fighting
 * Level 8.7 Short Blades
 + Level 3.8 Armour
 + Level 4.5 Dodging
 + Level 0.6 Evocations


You had 8 spell levels left.
You didn't know any spells.
Your spell library contained the following spells:

 Spells                   Type           Power      Damage    Failure   Level
 Ensorcelled Hibernation  Hex/Ice        0%         N/A       41%         2
 Hailstorm                Conj/Ice       0%         3d5       65%         3
 Passwall                 Erth           0%         N/A       65%         3
 Summon Ice Beast         Ice/Summ       0%         N/A       65%         3
 Swiftness                Air            0%         N/A       65%         3
 Volatile Blastmotes      Fire/Tloc      0%         2d10      65%         3
 Fulminant Prism          Conj/Alch      0%         3d5       96%         4
 Iskenderun's Mystic Bla  Conj/Tloc      0%         2d3       96%         4
 Summon Forest            Summ/Tloc      0%         N/A       100%        5
 Eringya's Noxious Bog    Alch           0%         4d6       100%        6
 Sculpt Simulacrum        Ice/Alch       0%         N/A       100%        6
 Summon Hydra             Summ           0%         N/A       100%        7


Dungeon Overview and Level Annotations

Branches:
Dungeon (7/15)             Temple (0/1) D:4          Bailey (visited)

Altars:
Ashenzari
Cheibriados
Gozag
Hepliaklqana
Nemelex Xobeh
Uskayaw
Vehumet
Yredelemnul

Shops:
D:2 :=*   D:6 *


Innate Abilities, Weirdness & Mutations

You are a tree.
Your roots penetrate the ground, keeping you stationary.
You cannot be teleported.
You are immune to unholy pain and torment.
Your maximum health is greatly increased.
Your equipment is partially melded.
((You have a pair of large antennae on your head. (SInv)))
(You are partially covered in rugged brown scales. (AC +1, +3% HP))
Your demonic aura sometimes causes spilled blood to erupt in flames.
((You are partially covered in sharp spines.))
((You are vulnerable to heat. (rF-)))


Message History

The gnoll barely misses you. The gnoll hits you with a +0 spear.
You see here a +0 flail of protection.
You hit the gnoll.
The gnoll blinks!
The gnoll is moderately wounded.
The gnoll hits you from afar with a +0 spear.
The gnoll hits you with a +0 spear.
* * * LOW HITPOINT WARNING * * *
The gnoll misses you.
You see here a +0 flail of protection.
The gnoll sergeant shouts!
The gnoll is struck by your spines. The gnoll barely misses you.
The gnoll hits you but does no damage.
You hit the gnoll. You freeze the gnoll.
You kill the gnoll!
The gnoll is struck by your spines. The gnoll barely misses you.
You see here a +0 spear.
You closely miss the gnoll.
The gnoll is severely wounded.
The gnoll hits you but does no damage.
You hit the gnoll but do no damage.
The gnoll is poisoned.
The gnoll is severely wounded.
The gnoll sergeant hits you from afar with a +2 trident of venom!
* * * LOW HITPOINT WARNING * * *
You closely miss the gnoll.
The gnoll is severely wounded.
The gnoll hits you but does no damage.
Unknown command.
You hit the gnoll. You drain the gnoll.
You kill the gnoll!
The gnoll sergeant hits you from afar with a +2 trident of venom!
* * * LOW HITPOINT WARNING * * *
You are lethally poisoned!
You turn into a tree.
Your +0 pair of gloves melds into your body.
Your +2 leather armour melds into your body.
Your roots penetrate the ground.
* * * LOW HITPOINT WARNING * * *
You feel sick.
The gnoll sergeant hits you from afar with a +2 trident of venom.
You die...

##..#####'#######'###
#....................
.....#.)......#....####
... #........#..c.# .
#$####..##....# #.#
##.###b..># #g#
#....#....#### #.#
#....#.b.){... #♣#
#....#....#### #)#
#....#...{.# #.#
#...)#####.# #.#
#..$).c.o..# ..#
#....####### ..........
....#....#. ####
#....#.# ###### #


You could see a gnoll sergeant.

Vanquished Creatures
  Sigmund (D:4)
  A wyvern (D:5)
  A golden eye (shapeshifter) (D:7)
  3 water moccasins
  2 orc warriors (Bailey)
  A bullfrog (D:6)
  A gnoll sergeant (D:5)
  4 scorpions
  5 killer bees (D:7)
  A howler monkey (D:5)
  3 orc priests
  A hound (D:6)
  A jelly (D:6)
  A sleepcap (D:6)
  Jessica (D:2)
  5 iguanas
  2 orc wizards
  7 adders
  6 gnolls
  3 shadow imps
  A white imp (D:7)
  2 ufetubi (D:6)
  A ribbon worm (D:2)
  A dart slug (D:1)
  15 orcs
  7 endoplasms
  2 giant cockroaches
  9 hobgoblins
  2 jackals (D:1)
  2 quokkas (D:4)
  16 ball pythons
  5 bats
  4 frilled lizards
  13 goblins
  4 kobolds
  9 rats
  A spectral orc (D:7)
144 creatures vanquished.

Vanquished Creatures (collateral kills)
  3 orcs (D:4)
  A ball python (D:1)
  An endoplasm (D:1)
  A kobold (D:4)
6 creatures vanquished.

Vanquished Creatures (others)
  An orc warrior (Bailey)
  A bat zombie (D:1)
2 creatures vanquished.

Grand Total: 152 creatures vanquished

Notes
Turn   | Place    | Note
-------+----------+-------------------------------------------
     0 | D:1      | PidgeyThePirate the Demonspawn Chaos Knight began the quest
                  | for the Orb.
     0 | D:1      | Reached XP level 1. HP: 18/18 MP: 1/1
   171 | D:1      | Gained mutation: You have a pair of small antennae on your
                  | head. [demonic ancestry]
   171 | D:1      | Reached XP level 2. HP: 24/24 MP: 2/2
   199 | D:1      | Reached skill level 3 in Short Blades
   202 | D:1      | Reached skill level 1 in Dodging
   363 | D:1      | XOM: smoke on damage
   370 | D:1      | Gained mutation: You have a pair of antennae on your head.
                  | [demonic ancestry]
   370 | D:1      | Reached XP level 3. HP: 26/29 MP: 3/3
   495 | D:1      | XOM: divination: detect items
   835 | D:2      | XOM: 3-stop teleportation journey
   888 | D:2      | Found Jiemerei's Book Shoppe.
   896 | D:2      | XOM: cloud trail
   974 | D:2      | Noticed Jessica
   979 | D:2      | XOM: divination: magic mapping
   986 | D:2      | Killed Jessica
   987 | D:2      | Reached XP level 4. HP: 29/35 MP: 4/4
  1053 | D:2      | Found Masudwegg's Assorted Antiques.
  1375 | D:2      | Found a snail-covered altar of Cheibriados.
  1426 | D:2      | Found Xoluci Caoc's Jewellery Boutique.
  1474 | D:2      | XOM: divination: detect creatures
  1480 | D:2      | XOM: divination: detect items
  1506 | D:3      | Reached skill level 4 in Short Blades
  1531 | D:3      | Found a broken altar of Ashenzari.
  1758 | D:3      | Gained mutation: You are partially covered in sharp spines.
                  | [demonic ancestry]
  1758 | D:3      | Reached XP level 5. HP: 42/42 MP: 5/5
  1809 | D:3      | Found a sparkling altar of Nemelex Xobeh.
  1914 | D:3      | XOM: silly message
  1976 | D:3      | XOM: silly message
  2433 | D:4      | Noticed Sigmund
  2441 | D:4      | Killed Sigmund
  2442 | D:4      | Reached XP level 6. HP: 38/48 MP: 6/6
  2445 | D:4      | XOM: silly message
  2448 | D:4      | Reached skill level 5 in Short Blades
  2489 | D:4      | Found a snail-covered altar of Cheibriados.
  2489 | D:4      | Found a hide-covered altar of Uskayaw.
  2553 | D:4      | Found a radiant altar of Vehumet.
  2569 | D:4      | Found a staircase to the Ecumenical Temple.
  2638 | D:4      | Found a basalt altar of Yredelemnul.
  2817 | D:4      | XOM: silly message
  2972 | D:4      | XOM: noise
  3033 | D:5      | Entered Level 5 of the Dungeon
  3081 | D:5      | XOM: enchant monster (good)
  3087 | D:5      | Gained mutation: You are partially covered in rugged brown
                  | scales. (AC +1, +3% HP) [demonic ancestry]
  3087 | D:5      | Reached XP level 7. HP: 16/55 MP: 7/7
  3144 | D:5      | XOM: cloud trail
  3248 | D:5      | XOM: silly message
  3328 | D:5      | Reached skill level 6 in Short Blades
  3789 | D:5      | Noticed a wyvern
  3809 | D:5      | Killed a wyvern
  4282 | D:5      | XOM: 8-stop teleportation journey
  4488 | D:6      | Gained mutation: You have a pair of large antennae on your
                  | head. (SInv) [demonic ancestry]
  4488 | D:6      | Reached XP level 8. HP: 56/62 MP: 8/8
  4526 | D:6      | Reached skill level 7 in Short Blades
  4735 | D:6      | XOM: potion effect (invisibility)
  4742 | D:6      | XOM: noise
  4826 | D:5      | Reached skill level 5 in Fighting
  5016 | D:6      | Found Zulus's Mass Market.
  5497 | D:7      | Found an opulent altar of Gozag.
  5497 | D:7      | Found an opulent altar of Gozag.
  5497 | D:7      | XOM: 3-stop teleportation journey
  5581 | D:7      | Found a hazy altar of Hepliaklqana.
  5669 | D:7      | Found an opulent altar of Gozag.
  5718 | D:7      | XOM: smoke on damage
  5719 | D:7      | Reached skill level 8 in Short Blades
  5741 | D:7      | HP: 2/64 [killer bee (7)]
  5747 | D:7      | XOM: god gift: scroll labelled BUSYUGEC XUPPE {god gift}
  5795 | D:7      | Found a flagged portal.
  5813 | Bailey   | Entered a bailey
  5991 | Bailey   | XOM: smoke on damage
  6008 | Bailey   | XOM: potion effect (curing)
  6025 | Bailey   | Gained mutation: Your demonic aura sometimes causes spilled
                  | blood to erupt in flames. [demonic ancestry]
  6025 | Bailey   | Reached XP level 9. HP: 16/71 MP: 9/9
  6068 | Bailey   | Found an iron altar of Okawaru.
  6068 | Bailey   | Noticed a kobold demonologist
  6068 | Bailey   | Noticed a kobold demonologist
  6068 | Bailey   | XOM: 1-stop teleportation journey
  6071 | Bailey   | XOM: enchant monster (good)
  6076 | Bailey   | XOM: cleaving
  6094 | Bailey   | XOM: cast spell 'Disjunction'
  6100 | Bailey   | XOM: enchant monster (good)
  6109 | Bailey   | XOM: god gift: small bronze amulet {god gift}
  6118 | Bailey   | XOM: cast spell 'Dispersal'
  6125 | Bailey   | XOM: divine lightning
  6355 | D:7      | XOM: give mutation
  6355 | D:7      | Gained mutation: You are vulnerable to heat. (rF-) [Xom's
                  | mischief]
  6407 | D:7      | Found an opulent altar of Gozag.
  6442 | D:7      | XOM: 1-stop teleportation journey
  6447 | D:7      | XOM: polymorph wyvern -> shapeshifter
  6516 | D:7      | HP: 3/71 [gnoll sergeant/+2 trident of venom (7)]
  6517 | D:7      | Slain by a gnoll sergeant

Illustrated notes

Levels and vault maps discovered:
D:1:      shiori_shiawase, layout_basic
D:2:      layout_rooms, serial_shops, shop, nicolae_shop_behind_doors, shop,
          basic_altar, uniq_jessica
D:3:      layout_loops_corners, ashenzari_conservatory_becter,
          nemelex_dance_club_becter
D:4:      layout_basic, cheibriados_altar_1,
          mainiacjoe_overflow_large_starburst, mainiacjoe_overflow_tiny_flanked,
          minmay_temple_entry_overgrown, uniq_sigmund
D:5:      layout_basic, mainiacjoe_overflow_24_doors
D:6:      layout_cave_pods, minmay_shop_mass, minmay_chambers_of_fives
D:7:      layout_basic, nicolae_hepliaklqana_monster_ancestors,
          nicolae_gozag_conspicuous_consumption, enter_bailey_5, dk_vineyard_2,
          minmay_quadrilaterals

Skill      XL: |  1  2  3  4  5  6  7  8 |
---------------+-------------------------+-----
Armour         | 2 3 |  3.8
Short Blades   | 3 4 5 6 8 |  8.7
Dodging        | 1 2 3 4 |  4.5
Fighting       | 4 5 |  5.9
Evocations     | |  0.6

Action                     |  1- 3 |  4- 6 |  7- 9 || total
---------------------------+-------+-------+-------++-------
  Melee: Short sword       |   141 |   180 |   245 ||   566
         Punch             |       |     1 |     2 ||     3
  Evoke: Wand              |       |       |     2 ||     2
    Use: Potion            |       |     1 |    12 ||    13
         Scroll            |       |       |    11 ||    11
   Stab: Sleeping          |       |     1 |       ||     1
         Petrified         |       |     1 |     1 ||     2
         Petrifying        |       |       |     1 ||     1
         Invisible         |       |       |     3 ||     3
 Armour: Leather armour    |   100 |    64 |   148 ||   312
         Skin              |       |       |    40 ||    40
  Dodge: Dodged            |   111 |    74 |   155 ||   340

Table legend: (Time is in decaauts)
 A = Elapsed time spent in this place.
 B = Non-inter-level travel time spent in this place.
 C = Inter-level travel time spent in this place.
 D = Time resting spent in this place.
 E = Time spent auto-exploring this place.
 F = Levels seen in this place.
 G = Mean time per level.
                   A        B        C        D        E       F      G
               +--------+--------+--------+--------+--------+-----+--------+
         Total |   6349 |   6104 |    245 |      0 |   4469 |   8 |  793.6 |
       Dungeon |   6032 |   5787 |    245 |      0 |   4274 |   7 |  861.7 |
        Bailey |    317 |    317 |      0 |      0 |    195 |   1 |  317.0 |
               +--------+--------+--------+--------+--------+-----+--------+

Top non-repeatable levels by time:
     D:5: 1332 daAuts
     D:6: 1032 daAuts
     D:3: 919 daAuts
     D:1: 785 daAuts
     D:7: 687 daAuts
     D:2: 682 daAuts
     D:4: 592 daAuts
  Bailey: 317 daAuts
